 Dungeon Crawl Stone Soup version 0.21.0-25-ge575cb9 (webtiles) character file.

728 HEYYEYAAE the Digger (level 7, -2/56 HPs)
             Began as a Demigod Earth Elementalist on Jan 23, 2018.
             Slain by an unseen horror (4 damage)
             ... on level 5 of the Dungeon.
             The game lasted 00:08:45 (4757 turns).

HEYYEYAAE the Digger (Demigod Earth Elementalist)   Turns: 4757, Time: 00:08:45

Health: -2/56      AC:  7    Str:  9 (11) XL:     7   Next: 20%
Magic:  5/16       EV: 17    Int: 31 (34) God:
Gold:   63         SH:  0    Dex: 23 (26) Spells: 10/14 levels left

rFire    . . .     SeeInvis .   j - +0 spear
rCold    . . .     Gourm    .   (no shield)
rNeg     . . .     Faith    .   h - +1 ring mail
rPois    .         Spirit   .   i - +0 helmet
rElec    .         Reflect  .   (no cloak)
rCorr    .         Harm     .   (no gloves)
MR       .....                  (no boots)
Stlth    +++.......             v - amulet of rage
HPRegen  0.18/turn              b - +5 ring of dexterity
MPRegen  0.15/turn              o - +6 ring of intelligence

@: brilliant, agile, berserk cooldown, very slightly contaminated, slowed, very
slow
A: high mp 1
a: Evoke Berserk Rage


You were on level 5 of the Dungeon.
You were near starving.

You visited 1 branch of the dungeon, and saw 5 of its levels.

You collected 217 gold pieces.
You spent 154 gold pieces at shops.

Inventory:

Hand Weapons
 j - a +0 spear (weapon)
Missiles
 w - 44 stones (quivered)
Armour
 h - a +1 ring mail (worn)
 i - a +0 helmet (worn)
Jewellery
 b - a +5 ring of dexterity (left hand)
 o - a +6 ring of intelligence (right hand)
 s - a +3 ring of intelligence
 v - an amulet of rage (around neck)
 x - an uncursed ring of poison resistance {unknown}
Wands
 f - a wand of disintegration (12)
 p - a wand of random effects (31)
 r - a wand of scattershot (4)
 t - a wand of acid (5)
Scrolls
 m - 4 scrolls of fog
 q - 3 scrolls of remove curse
Potions
 a - a potion of might
 k - a potion of resistance
Books
 e - a book of Geomancy

   Spells                             Type                      Level
   a - Sandblast                      Earth                        1
   b - Passwall                       Transmutation/Earth          2
   c - Stone Arrow                    Conjuration/Earth            3
   d - Petrify                        Transmutation/Earth          4
   e - Lee's Rapid Deconstruction     Earth                        5
Comestibles
 d - 11 rations


   Skills:
 + Level 2.4 Fighting
 + Level 2.3 Armour
 + Level 3.2 Dodging
 - Level 1.7 Stealth
 * Level 4.0 Spellcasting
   Level 0.8 Transmutations
 * Level 4.8 Earth Magic
 + Level 1.2 Evocations


You had 10 spell levels left.
You knew the following spells:

 Your Spells              Type           Power        Failure   Level  Hunger
a - Sandblast             Erth           ######       1%          1    None
b - Stone Arrow           Conj/Erth      #####.       2%          3    ##.....


Dungeon Overview and Level Annotations

Branches:
Dungeon (5/15)
 Temple: D:4-7

Shops:
D:5 ?


Innate Abilities, Weirdness & Mutations

You have an increased reservoir of magic. (+10% MP)


Message History

Something hits you but does no damage. Something completely misses you.
Unknown command.
Unknown command.
Something hits you.
* * * LOW HITPOINT WARNING * * *
Something hits you but does no damage.
Found a ration.
Unknown command.
Evoke which item? (* to show all) (? for menu, Esc to quit)
Aiming: Scattershot
Press: ? - help, Shift-Dir - straight line The burst of metal fragments hits something. x2
Something barely misses you.
Unknown command.
Evoke which item? (* to show all) (? for menu, Esc to quit)
Aiming: Scattershot
Press: ? - help, Shift-Dir - straight line The burst of metal fragments hits something. x4
Something hits you.
You die...

..### # #.#.. .# #.#.#
####. ....... %... #.#.#.#
#.. #####.#.#.# #.######
......#.#.####@.....#
.............>#####.###
####.#.#.............
#.#.#####.#####.####
#######...#...............
......................##
###########.###.##.##.#
............##.##
########.##......#


There were no monsters in sight!

Vanquished Creatures
  An ogre (D:4)
  An ice beast (D:5)
  A howler monkey (D:3)
  A centaur zombie (D:5)
  A hound (D:5)
  A centaur skeleton (D:4)
  A jelly (D:3)
  Ijyb (D:3)
  Jessica (D:3)
  A bullfrog skeleton (D:5)
  Natasha (thrice) (D:2)
  2 orc wizards
  A worker ant (D:5)
  6 adders
  An adder skeleton (D:4)
  A worm (D:3)
  9 dart slugs
  6 leopard geckos
  9 orcs
  7 bats
  2 giant cockroaches
  6 goblins
  6 hobgoblins
  2 jackals (D:4)
  2 quokkas
  3 ball pythons
  4 frilled lizards
  3 kobolds
  A quokka skeleton (D:4)
  10 rats
94 creatures vanquished.

Vanquished Creatures (others)
  5 toadstools (D:1)
5 creatures vanquished.

Grand Total: 99 creatures vanquished

Notes
Turn   | Place    | Note
-------+----------+-------------------------------------------
     0 | D:1      | HEYYEYAAE the Demigod Earth Elementalist began the quest for the Orb.
     0 | D:1      | Reached XP level 1. HP: 14/14 MP: 5/5
   534 | D:1      | Reached XP level 2. HP: 19/20 MP: 2/7
  1274 | D:2      | Noticed Natasha
  1281 | D:2      | Killed Natasha
  1281 | D:2      | Reached XP level 3. HP: 17/27 MP: 2/9
  1348 | D:2      | Noticed Natasha
  1350 | D:2      | Killed Natasha
  1361 | D:2      | Reached skill level 1 in Fighting
  1361 | D:2      | Reached skill level 1 in Armour
  1361 | D:2      | Reached XP level 4. HP: 19/35 MP: 3/10
  1723 | D:2      | Noticed Natasha
  1730 | D:2      | Killed Natasha
  1739 | D:2      | Learned a level 3 spell: Stone Arrow
  2356 | D:3      | Reached XP level 5. HP: 26/40 MP: 12/12
  2377 | D:3      | Noticed Ijyb
  2652 | D:3      | Killed Ijyb
  3219 | D:3      | Found a shimmering altar of Xom.
  3277 | D:3      | Noticed Jessica
  3281 | D:3      | Killed Jessica
  3284 | D:3      | Found a deep blue altar of Sif Muna.
  3561 | D:4      | Reached XP level 6. HP: 38/48 MP: 8/14
  3772 | D:5      | Entered Level 5 of the Dungeon
  4231 | D:4      | Found a white marble altar of Elyvilon.
  4568 | D:5      | Found Nopruihe's Magic Scroll Shoppe.
  4573 | D:5      | Bought a scroll of identify for 28 gold pieces
  4573 | D:5      | Bought a scroll of identify for 28 gold pieces
  4573 | D:5      | Bought a scroll of identify for 28 gold pieces
  4573 | D:5      | Bought a scroll of identify for 28 gold pieces
  4573 | D:5      | Bought a scroll of remove curse for 42 gold pieces
  4636 | D:5      | Reached skill level 1 in Evocations
  4636 | D:5      | Reached XP level 7. HP: 55/55 MP: 3/16
  4755 | D:5      | HP: 1/56 [something (3)]
  4757 | D:5      | Slain by an unseen horror

Skill      XL: |  1  2  3  4  5  6  7 |
---------------+----------------------+-----
Spellcasting   | 2 3 4 |  4.0
Earth Magic    | 3 4 |  4.8
Dodging        | 2 3 |  3.2
Fighting       | 1 2 |  2.4
Armour         | 1 2 |  2.3
Evocations     | 1 |  1.2
Stealth        | |  1.7
Transmutations | |  0.8

Action                   |  1- 3 |  4- 6 |  7- 9 || total
-------------------------+-------+-------+-------++-------
Melee: Unarmed           |    18 |    38 |       ||    56
       Spear             |    10 |   190 |     7 ||   207
 Cast: Sandblast         |    36 |    38 |       ||    74
       Stone Arrow       |       |    41 |     3 ||    44
 Abil: Evoke Berserk Rag |       |     1 |     1 ||     2
Evoke: Wand              |       |       |     3 ||     3
  Use: Scroll            |       |    11 |     1 ||    12
       Potion            |       |       |     7 ||     7
 Stab: Distracted        |       |     1 |       ||     1
       Sleeping          |       |     1 |       ||     1
  Eat: Chunk             |     2 |    12 |     1 ||    15
Armor: Ring mail         |    14 |    63 |    11 ||    88
       Robe              |     2 |     5 |       ||     7
Dodge: Dodged            |    28 |   152 |    10 ||   190
